 Dungeon Crawl Stone Soup version 0.16.2 (webtiles) character file.

242 dngmouse the Skirmisher (level 5, -5/48 HPs)
             Began as a Minotaur Berserker on Aug 14, 2015.
             Was a Priest of Trog.
             Slain by Duvessa
             ... wielding a +0 rapier
              (8 damage)
             ... on level 4 of the Dungeon.
             The game lasted 00:15:09 (2251 turns).

dngmouse the Skirmisher (Minotaur Berserker)        Turns: 2251, Time: 00:15:09

Health: -5/48      AC:  9    Str: 21    XL:     5   Next: 82%
Magic:  0/2        EV: 11    Int:  5    God:    Trog [***...]
Gold:   192        SH:  0    Dex: 10    Spells: 0 memorised, 4 levels left

rFire  . . .     SeeInvis .     l - +0 trident (venom)
rCold  . . .     Clarity  .     j - +0 ring mail
rNeg   . . .     SustAb   +     (no shield)
rPois  .         Gourm    .     (helmet restricted)
rElec  .         Spirit   +     o - +0 cloak
rCorr  .         Warding  .     q - +0 pair of gloves
rMut   .         Stasis   .     p - +0 pair of boots
MR     .....                    w - amulet of guardian spirit
Stlth  ..........               (no ring)
                                n - ring of sustain abilities

@: not resistant to hostile enchantments, extremely unstealthy
A: retaliatory headbutt, horns 2
a: Burn Spellbooks, Berserk, Trog's Hand, Renounce Religion


You were on level 4 of the Dungeon.
You worshipped Trog.
Trog was most pleased with you.
You were not hungry.

You visited 1 branch of the dungeon, and saw 4 of its levels.

You collected 192 gold pieces.

Inventory:

Hand weapons
 a - a +0 hand axe
 l - a +0 trident of venom (weapon)
Missiles
 h - 2 javelins (quivered)
 m - 6 tomahawks
Armour
 j - a +0 ring mail (worn)
 o - a +0 cloak (worn)
 p - a +0 pair of boots (worn)
 q - a +0 pair of gloves (worn)
Jewellery
 n - a ring of sustain abilities (left hand)
 w - an amulet of guardian spirit (around neck)
Scrolls
 d - a scroll of amnesia {unknown}
 i - a scroll of magic mapping {unknown}
 k - a scroll of recharging {unknown}
 r - 3 scrolls of remove curse {unknown}
 s - 4 scrolls of identify {unknown}
 t - a scroll of immolation {unknown}
 y - a scroll of teleportation {unknown}
Potions
 b - a potion of curing {unknown}
 e - 2 potions of cancellation {unknown}
 u - a potion of heal wounds {unknown}
 v - a potion of magic {unknown}
 x - a potion of poison {unknown}
 z - a potion of degeneration {unknown}
Comestibles
 c - 3 bread rations
 f - 2 fruits
 g - 2 meat rations


   Skills:
 + Level 5.3 Fighting
 - Level 4.3(4.6) Axes
 + Level 1.9(3.3) Polearms
 + Level 2.2 Throwing
 + Level 4.3 Armour
 - Level 2.1 Dodging


You had 4 spell levels left.
You didn't know any spells.

Dungeon Overview and Level Annotations

Branches:
Dungeon (4/15)
 Temple: D:4-7

Altars:
Cheibriados

Annotations:
D:4 Duvessa


Innate Abilities, Weirdness & Mutations

You reflexively headbutt those who attack you in melee.
You have a pair of horns on your head.


Message History

Duvessa goes berserk!
Duvessa rages.
No target in view!
Duvessa barely misses you. Duvessa hits you with a rapier!
Found a scroll labeled MAF ZONUDU.
You barely miss Duvessa. Duvessa hits you with a rapier.
You hit Duvessa but do no damage.
Duvessa is poisoned.
Duvessa barely misses you. Duvessa hits you with a rapier!
You completely miss Duvessa. Duvessa barely misses you.
You closely miss Duvessa.
Duvessa is lightly wounded.
Duvessa hits you with a rapier! Duvessa hits you but does no damage.
You hear a shout!
Duvessa hits you with a rapier!
* * * LOW HITPOINT WARNING * * *
Duvessa rages.
Duvessa hits you with a rapier.
* * * LOW HITPOINT WARNING * * *
Duvessa hits you with a rapier!
You die...

......# #. .......
#......# ##.#########.
#......+ +............
#......# #.#..#.###..
#......##########....#
....
#......#.............#
#.###
#......#.............# #
#......#............##
####.#....e@.........#
#?#.#..........##.#
#.#.#############.#######
#.#.#############........
#####
#........##.........#####
#...#
#........##..............
#...#
#........##..........####
#...#
#........##..........#...
#...#
#........########..#.#.##


You could see Duvessa (berserk).

Vanquished Creatures
  Dowan (D:4)
  A gnoll shaman (D:4)
  A worker ant (D:4)
  3 adders
  4 gnolls (D:4)
  A giant mite (D:4)
  2 worms (D:2)
  10 orcs
  2 bats
  2 giant cockroaches
  7 hobgoblins
  7 kobolds
  2 quokkas
  3 giant geckos
  3 giant newts
  12 goblins
  9 rats
70 creatures vanquished.

Notes
Turn   | Place    | Note
--------------------------------------------------------------
     0 | D:1      | dngmouse, the Minotaur Berserker, began the quest for the Orb.
     0 | D:1      | Reached XP level 1. HP: 19/19 MP: 1/1
   189 | D:1      | Reached XP level 2. HP: 18/27 MP: 1/1
   309 | D:1      | Reached skill level 4 in Fighting
   634 | D:2      | Acquired Trog's second power
   687 | D:2      | Reached XP level 3. HP: 30/33 MP: 2/2
  1336 | D:3      | Reached XP level 4. HP: 41/41 MP: 2/2
  1854 | D:4      | Reached skill level 1 in Throwing
  1861 | D:4      | Reached skill level 1 in Polearms
  1864 | D:4      | Reached XP level 5. HP: 19/47 MP: 2/2
  1867 | D:4      | Reached skill level 5 in Fighting
  1963 | D:4      | Noticed Duvessa
  2111 | D:4      | Found a snail-covered altar of Cheibriados.
  2184 | D:4      | Noticed Dowan
  2189 | D:4      | Killed Dowan
  2251 | D:4      | Slain by Duvessa

Action                   |  1- 3 |  4- 6 || total
-------------------------+-------+-------++-------
Melee: Hand axe          |    53 |       ||    53
       Trident           |    10 |    90 ||   100
Invok: Burn Spellbooks   |       |     1 ||     1
  Eat: Chunk             |     1 |     3 ||     4
